 Dungeon Crawl Stone Soup version 0.31-a0-344-gd109795599 (webtiles) character file.

Game seed: 18310268322420804020

282168 Tyrius the Worldbinder (level 20, 0/143 HPs)
             Began as a Merfolk Summoner on July 15, 2023.
             Was a High Priest of Sif Muna.
             Killed from afar by an acid blob (14 damage)
             ... with a splash of acid
             ... on level 2 of the Pits of Slime on July 21, 2023.
             The game lasted 14:17:54 (64583 turns).

Tyrius the Worldbinder (Merfolk Summoner)          Turns: 64583, Time: 14:17:55

Health: 0/143      AC:  9    Str: 14    XL:     20   Next: 52%
Magic:  1/59       EV: 24    Int: 29    God:    Sif Muna [*****.]
Gold:   93         SH:  0    Dex: 14    Spells: 4/61 levels left

rFire   + + .        I - +8 spear of Distant Shores {elec, *Slow +Blink rElec Str+4}
rCold   + . .        (no shield)
rNeg    . . .        V - +5 steam dragon scales
rPois   .            p - +2 hood of the Assassin {Detect Stab+ Stlth++}
rElec   +            H - +2 cloak {Will+}
rCorr   .            u - +2 pair of gloves
SInv    +            e - +1 pair of boots
Will    ++++.        Q
                       - Hermit's Pendant {Faith Invo=14 Evo=0 MP+5}
Stlth   ++++++       J - ring of Moodiness {Drain EV+5 Str+3 Int+2 SInv}
HPRegen 0.43/turn    o - ring of Inolixt {rF++ Will++ MP+9 Stlth+}
MPRegen 0.36/turn

%: slow self (1%), faith
@: forested, corroded, on blink cooldown
A: (nimble swimmer 2), mertail, clever 1, cold resistance 1, sense surroundings
1, shaggy fur 1
}: 2/15 runes: barnacled, gossamer
a: Renounce Religion, Evoke Blink, Channel Magic, Forget Spell, Divine Exegesis


You were on level 2 of the Pits of Slime.
You worshipped Sif Muna.
Sif Muna was extremely pleased with you.
You visited 9 branches of the dungeon, and saw 39 of its levels.
You also visited: Ossuary.

You collected 3881 gold pieces.
You spent 3788 gold pieces at shops.

Inventory:

Hand Weapons
 h - a +8 halberd of freezing
 I - the +8 spear of Distant Shores (weapon) {elec, *Slow +Blink rElec Str+4}
   (You found it on level 1 of the Elven Halls)

   Str:       It affects your strength (+4).
   rElec:     It insulates you from electricity.
   +Blink:    It lets you blink.
   *Slow:     It may slow you when you take damage.
 T - the +4 sling of Pestilence {drain, *Slow rElec Dex+4 SInv}
   (You found it on level 4 of the Shoals)

   Dex:       It affects your dexterity (+4).
   rElec:     It insulates you from electricity.
   SInv:      It lets you see invisible.
   *Slow:     It may slow you when you take damage.
Armour
 e - a +1 pair of boots (worn)
 p - the +2 hood of the Assassin (worn) {Detect Stab+ Stlth++}
   (You bought it in a shop on level 15 of the Dungeon)

   Detect:    It allows the wearer to sense nearby creatures.
   Stab+:     It allows the wearer to make particularly effective stabbing
   attacks against helpless or unaware enemies with any weapon.
   Stlth:     It makes you much more stealthy.
 u - a +2 pair of gloves (worn)
 E - a +2 helmet
 H - a +2 cloak of willpower (worn)
 V - +5 steam dragon scales (worn)
Magical Staves
 z - the staff "Widowmaker" {+Blink rPois rF+ MP+9 Poison}
   (You found it on level 11 of the Dungeon)

   [staff of poison]

   Base accuracy: +5 Base damage: 5 Base attack delay: 1.2 This weapon's minimum
   attack delay (0.6) is reached at skill level 12.
   rF:        It protects you from fire.
   rPois:     It protects you from poison.
   MP:        It affects your magic capacity (+9).
   +Blink:    It lets you blink.
   Poison:    It increases the power of your Poison spells.
   It falls into the 'Staves' category.
   It is a one-handed weapon.
Jewellery
 f - the amulet "Goleonga" {Faith rPois rC- Will+ Dex+3}
   (You took it off a deep elf archer on level 1 of the Elven Halls)

   [amulet of faith]

   It allows you to gain divine favour quickly.
   Dex:       It affects your dexterity (+3).
   rC:        It makes you vulnerable to cold.
   rPois:     It protects you from poison.
   Will:      It increases your willpower.
 g - a ring of protection from cold
 o - the ring of Inolixt (right hand) {rF++ Will++ MP+9 Stlth+}
   (You bought it in a shop on level 1 of the Shoals)

   [ring of magical power]

   rF:        It greatly protects you from fire.
   MP:        It affects your magic capacity (+9).
   Will:      It greatly increases your willpower.
   Stlth:     It makes you more stealthy.
 r - the ring "Vypeuwui" {rF+ Will+ Int+4}
   (You found it on level 2 of the Spider Nest)

   [ring of protection from fire]

   Int:       It affects your intelligence (+4).
   rF:        It protects you from fire.
   Will:      It increases your willpower.
 s - a ring of poison resistance
 D - an amulet of magic regeneration
 J - the ring of Moodiness (left hand) {Drain EV+5 Str+3 Int+2 SInv}
   (You bought it in a shop on level 1 of the Dungeon)

   [ring of evasion]

   EV:        It affects your evasion (+5).
   Str:       It affects your strength (+3).
   Int:       It affects your intelligence (+2).
   SInv:      It lets you see invisible.
   Drain:     It drains your maximum health when unequipped.
 Q - the Hermit's Pendant (around neck) {Faith Invo=14 Evo=0 MP+5}
   (You found it in an ossuary)

   [amulet of faith]

   Invo=14: It sets your Invocations skill to 14.
   Evo=0: It sets your Evocations skill to 0.
   It allows you to gain divine favour quickly.
   MP:        It affects your magic capacity (+5).
Wands
 a - a wand of light (6)
 d - a wand of paralysis (39)
 t - a wand of flame (108)
 B - a wand of iceblast (18)
 O - a wand of polymorph (10)
 X - a wand of mindburst (40)
 Y - a wand of digging (5)
Scrolls
 k - 6 scrolls of fear
 l - 16 scrolls of teleportation
 m - 6 scrolls of revelation
 A - 4 scrolls of enchant weapon
 C - 4 scrolls of silence
 F - a scroll of enchant armour
 M - 3 scrolls of amnesia
 S - 4 scrolls of poison
 W - 2 scrolls of fog
Potions
 b - a potion of magic
 i - 8 potions of ambrosia
 n - a potion of invisibility
 q - 4 potions of lignification
 w - 6 potions of enlightenment
 G - a potion of mutation
 K - a potion of berserk rage
 L - 4 potions of brilliance
 N - a potion of haste
 P - 4 potions of cancellation
 R - 4 potions of might
 U - 6 potions of curing
 Z - 2 potions of resistance
Miscellaneous
 c - a phantom mirror
 j - a phial of floods
 v - a lightning rod (4/4)


   Skills:
 + Level 8.5 Fighting
 + Level 12.3 Polearms
 * Level 13.9 Dodging
 + Level 5.6 Stealth
 * Level 21.2 Spellcasting
 * Level 6.2 Hexes
 * Level 21.3 Summonings
 * Level 3.1 Necromancy
 + Level 1.5 Translocations
 - Level 6.8 Ice Magic
 - Level 0.2 Air Magic
 + Level 0.6(14.0) Invocations
 + Level 0.6(0.0) Evocations


You had 4 spell levels left.
You knew the following spells:

 Your Spells              Type           Power      Damage    Failure   Level
a - Summon Hydra          Summ           50%        N/A       1%          7
b - Frozen Ramparts       Ice            100%       1d16      1%          3
c - Call Canine Familiar  Summ           100%       N/A       0%          3
d - Summon Horrible Thin  Summ           50%        N/A       1%          8
e - Summon Lightning Spi  Summ/Air       76%        N/A       1%          4
f - Summon Ice Beast      Ice/Summ       85%        N/A       1%          4
g - Summon Mana Viper     Hex/Summ       84%        N/A       1%          5
h - Summon Cactus Giant   Summ           50%        N/A       1%          6
i - Anguish               Hex/Necr       27%        N/A       1%          4
j - Summon Forest         Summ/Tloc      38%        N/A       1%          5
k - Monstrous Menagerie   Summ           50%        N/A       1%          7
l - Slow                  Hex            100%       N/A       1%          1

Your spell library contained the following spells:

 Spells                   Type           Power      Damage    Failure   Level
 Summon Small Mammal      Summ           100%       N/A       0%          1
 Call Imp                 Summ           100%       N/A       0%          2
 Summon Guardian Golem    Hex/Summ       84%        N/A       0%          3
 Apportation              Tloc           78%        N/A       1%          1
 Foxfire                  Conj/Fire      100%       2x1d9     1%          1
 Freeze                   Ice            100%       1d10      1%          1
 Kiss of Death            Conj/Necr      100%       2d13      1%          1
 Magic Dart               Conj           100%       1d8       1%          1
 Necrotise                Necr           100%       1d9       1%          1
 Sandblast                Erth           60%        2d14      1%          1
 Shock                    Conj/Air       100%       1d9       1%          1
 Blink                    Tloc           78%        N/A       1%          2
 Cigotuvi's Dreadful Rot  Necr/Pois/Air  74%        N/A       1%          2
 Ensorcelled Hibernation  Hex/Ice        100%       N/A       1%          2
 Lesser Beckoning         Tloc           78%        N/A       1%          2
 Momentum Strike          Conj/Tloc      70%        3d9       1%          2
 Passwall                 Tmut/Erth      25%        N/A       1%          2
 Poisonous Vapours        Pois/Air       62%        N/A       1%          2
 Searing Ray              Conj           60%        2d6       1%          2
 Confusing Touch          Hex            61%        N/A       1%          3
 Dazzling Flash           Conj/Hex       96%        N/A       1%          3
 Gell's Gravitas          Tloc           39%        N/A       1%          3
 Hailstorm                Conj/Ice       50%        3d11      1%          3
 Inner Flame              Hex/Fire       48%        N/A       1%          3
 Ozocubu's Armour         Ice            63%        N/A       1%          3
 Portal Projectile        Hex/Tloc       100%       N/A       1%          3
 Teleport Other           Tloc           39%        N/A       1%          3
 Tukima's Dance           Hex            61%        N/A       1%          3
 Vampiric Draining        Necr           49%        2d9       1%          3
 Animate Armour           Summ/Erth      100%       N/A       1%          4
 Cause Fear               Hex            30%        N/A       1%          4
 Vhi's Electric Charge    Tloc/Air       72%        N/A       2%          3
 Volatile Blastmotes      Fire/Tloc      70%        2d15      2%          3
 Ignite Poison            Fire/Tmut/Pois 30%        N/A       3%          3
 Mephitic Cloud           Conj/Pois/Air  31%        N/A       3%          3
 Stone Arrow              Conj/Erth      60%        3d10      3%          3
 Animate Dead             Necr           49%        N/A       3%          4
 Dispel Undead            Necr           49%        3d18      3%          4
 Fulminant Prism          Conj/Hex       24%        3d12      3%          4
 Leda's Liquefaction      Hex/Erth       24%        N/A       3%          4
 Manifold Assault         Tloc           39%        N/A       6%          4
 Passage of Golubria      Tloc           39%        N/A       6%          4
 Iskenderun's Mystic Bla  Conj/Tloc      35%        2d8       9%          4
 Flame Wave               Conj/Fire      30%        2d9       12%         4
 Petrify                  Tmut/Erth      30%        N/A       12%         4
 Sticky Flame             Conj/Fire      30%        2d5       12%         4
 Metabolic Englaciation   Hex/Ice        31%        N/A       2%          5
 Haunt                    Necr/Summ      40%        N/A       7%          7
 Agony                    Necr           49%        N/A       9%          5
 Silence                  Hex/Air        24%        N/A       9%          5
 Yara's Violent Unravell  Hex/Tmut       24%        3d11      9%          5
 Malign Gateway           Summ/Tloc      38%        N/A       9%          7
 Freezing Cloud           Conj/Ice/Air   22%        6-21      12%         5
 Borgnjor's Vile Clutch   Necr/Erth      20%        N/A       17%         5
 Dragon's Call            Summ           50%        N/A       19%         9
 Simulacrum               Ice/Necr       28%        N/A       24%         6
 Arcjolt                  Conj/Air       15%        1d25      30%         5
 Alistair's Intoxication  Tmut/Pois      20%        N/A       32%         5
 Irradiate                Conj/Tmut      15%        3d16      32%         5
 Iskenderun's Battlesphe  Conj           30%        2d8       32%         5
 Ozocubu's Refrigeration  Ice            31%        4d14      52%         7
 Enfeeble                 Hex            30%        N/A       61%         7
 Dispersal                Tloc           19%        N/A       67%         6
 Eringya's Noxious Bog    Tmut/Pois      15%        4d6       88%         6
 Leda's Unmaking          Conj/Erth      15%        9d3       88%         6
 Starburst                Conj/Fire      15%        6d6       88%         6
 Orb of Destruction       Conj           15%        9d7       100%        7
 Disjunction              Tloc           19%        N/A       100%        8
 Ignition                 Fire           15%        3d6       100%        8
 Infestation              Necr           24%        N/A       100%        8
 Lehudib's Crystal Spear  Conj/Erth      15%        10d5      100%        8
 Maxwell's Capacitive Co  Air            16%        ∞         100%        8
 Chain Lightning          Conj/Air       15%        3d20      100%        9
 Polar Vortex             Ice            31%        12d4*     100%        9


Dungeon Overview and Level Annotations

Branches:
Dungeon (15/15)            Temple (1/1) D:5            Lair (5/5) D:8
 Shoals (4/4) Lair:2       Spider (4/4) Lair:2        Slime (3/5) Lair:5
    Orc (2/2) D:12            Elf (3/3) Orc:2        Vaults (0/5) D:14
 Depths (2/4) D:15        Ossuary (visited)

Altars:
Ashenzari
Cheibriados
Dithmenos
Elyvilon
Fedhas
Gozag
Hepliaklqana
Kikubaaqudgha
Makhleb
Nemelex Xobeh
Okawaru
Qazlal
Ru
Sif Muna
Trog
Uskayaw
Vehumet
Wu Jian
Xom
Yredelemnul
Zin
The Shining One
Jiyva

Shops:
D:1 =   D:5 *[   D:15 [   Orc:2 *[!*   Elf:2 :   Elf:3 [   Shoals:1 =
Shoals:2 *

Portals:
Hell: Depths:1
Ziggurat: Depths:1
Trove: D:10 (give +3 storm dragon scales)


Innate Abilities, Weirdness & Mutations

((You are very nimble when in or above water. (Stealth+, EV+, Speed+++)))
Your lower body shifts to a powerful aquatic tail in water.
Your mind is acute. (Int +4, Str/Dex -1)
Your flesh is cold resistant. (rC+)
You passively map a small area around you.
You are covered in fur. (AC +1)


Message History

Your snaplasher vine hits the eye of devastation.
The eye of devastation dies!
Sif Muna accepts your kill. The acid blob barely misses you.
A root lunges up near the quicksilver ooze.
The quicksilver ooze misses you.
The quicksilver ooze closely misses you.
Your snaplasher vine hits the acid blob!
Your snaplasher vine is burned by acid!
The acid blob spits acid at you. The splash of acid hits you!!
* * * LOW HITPOINT WARNING * * *
The acid corrodes you!
Your eight-headed hydra barely misses the shining eye.
Your eight-headed hydra bites the shining eye!
Your eight-headed hydra bites the shining eye. x3
The shining eye dies!
Sif Muna accepts your kill. A mysterious force pulls you upwards.
The hatch slams shut behind you.
Your summoned allies are left behind.
You feel much better. The quicksilver ooze hits you.
The quicksilver ooze engulfs you! The quicksilver ooze hits you!
* * * LOW HITPOINT WARNING * * *
You feel your power leaking away. The acid blob spits acid at you.
The splash of acid hits you!!
* * * LOW HITPOINT WARNING * * *
The acid corrodes you! The quicksilver ooze misses you.
The quicksilver ooze hits you but does no damage.
The acid blob attacks as you move away! The acid blob barely misses you.
You slip free of the ooze engulfing you.
The quicksilver ooze barely misses you.
The quicksilver ooze completely misses you.
The acid blob completely misses you.
Unknown command.
You blink.
As you read the scroll of fog, it dissolves into smoke.
The acid blob spits acid at you. The splash of acid hits you!
You die...

### #...## ##.## #..#. ##...# #
#...# #.# ###..<.###.##.##
##... ##.......#......#
##.#.######........##......
#.....##.##...J.J...#......
#...##.§§§§...........#...
##...#...§@§...............
#........§§§§..#..#.#...... ##
#.......§.§§.......##......
##.##..........................
#........#................#....
##.#..#.#......................
##...#......#......>..........
#.......#.##.................
##......#.....................


You could see an acid blob and a quicksilver ooze.

Vanquished Creatures
  A rockslime (Slime:2)
  An emperor scorpion (Spider:2)
  A ghost moth (Spider:4)
  A very ugly thing (Depths:2)
  The ghost of Midn8 the Transmogrifier, an adept SpFE of Uskayaw (Spider:4)
  A spark wasp (Depths:1)
  2 merfolk javelineers (Shoals:4)
  A merfolk impaler (Depths:1)
  An entropy weaver (Spider:4)
  A hydra (D:11)
  A merfolk avatar (Shoals:4)
  A centaur warrior (D:15)
  3 two-headed ogres (D:11)
  2 merfolk aquamancers (Shoals:4)
  3 dancing weapons (Elf:2)
  A boulder beetle (D:14)
  2 demonic crawlers
  4 deep elf knights
  A pharaoh ant (Spider:2)
  A skeletal warrior (D:15)
  A golden dragon zombie (D:15)
  A sea snake (Shoals:4)
  A deep elf archer (Elf:2)
  A steelbarb worm (Spider:3)
  2 ugly things
  2 deep elf zephyrmancers
  2 deep elf pyromancers (Elf:1)
  A faun (Shoals:1)
  An orc sorcerer (Elf:1)
  3 manticores
  2 wolf spiders
  A moth of wrath (Spider:2)
  A cyclops (D:12)
  3 slime creatures
  2 cane toads
  A komodo dragon (Lair:5)
  A guardian mummy (D:10)
  2 merfolk (Shoals:4)
  A troll (D:12)
  A meliai (Spider:4)
  4 polar bears
  A wind drake (Shoals:2)
  4 tarantellas
  2 snapping turtles
  4 blink frogs
  2 culicivoras
  An air elemental (Elf:2)
  8 jumping spiders
  A yak (Lair:3)
  A basilisk (Lair:5)
  A wraith (D:12)
  5 redbacks
  2 vampire mosquitoes
  2 wargs
  An acid dragon (Lair:5)
  4 water moccasins
  3 hell hounds (Lair:5)
  A sky beast (D:7)
  9 orc warriors
  A black bear (Lair:5)
  2 ogres
  5 wolves (Lair:5)
  A centaur (D:8)
  3 bullfrogs
  5 scorpions
  A howler monkey (D:12)
  A centaur zombie (Ossuary)
  A quasit (D:4)
  An orc priest (D:12)
  A scorpion zombie (Ossuary)
  An iguana (Lair:5)
  An orc wizard (D:3)
  4 gnolls
  5 adders
  A worm (D:9)
  9 orcs
  3 endoplasms
  A giant cockroach (D:4)
  A kobold (D:3)
  4 nameless horrors
  2 ball pythons
  A goblin zombie (Ossuary)
171 creatures vanquished.

Vanquished Creatures (collateral kills)
  Mara (Depths:1)
  Mlioglotl (Shoals:3)
  Rupert (Lair:4)
  A deep elf blademaster (Elf:2)
  Frances (Spider:1)
  A tengu reaver (Depths:2)
  7 acid blobs
  Donald (Elf:3)
  An azure jelly (Slime:1)
  A deep elf sorcerer (Elf:1)
  A rockslime (Slime:2)
  6 emperor scorpions (Spider:4)
  2 ghost moths (Spider:4)
  The ghost of HallandMoats the Warrior, an adept DsFi of Okawaru (Elf:1)
  A deep elf elementalist (Elf:3)
  3 broodmothers
  The ghost of benadryl the Grappler, a journeyman TrSh of Hepliaklqana (Lair:5)
  5 very ugly things
  The ghost of howech the Severer, a journeyman MiBe of Trog (Lair:5)
  A quicksilver ooze (Slime:3)
  A stone giant (Depths:1)
  2 deep elf demonologists
  8 spark wasps
  An ettin (Depths:1)
  3 fire dragons
  Snorg (D:10)
  A merfolk impaler (Shoals:4)
  A deep elf high priest (Elf:3)
  2 entropy weavers
  4 merfolk javelineers
  Harold (D:11)
  A great orb of eyes (shapeshifter) (D:13)
  2 great orbs of eyes
  2 hydras
  Erolcha (D:9)
  5 centaur warriors
  A jorogumo (Spider:4)
  3 radroaches
  A catoblepas (Lair:1)
  An ogre mage (D:11)
  7 merfolk avatars
  22 dancing weapons
  2 tengu warriors
  5 merfolk aquamancers
  14 boulder beetles
  3 death yaks
  6 two-headed ogres
  An orc high priest (D:12)
  A vampire mage (D:15)
  10 demonic crawlers
  Urug (Lair:5)
  2 alligator snapping turtles (Shoals:4)
  A storm dragon zombie (D:15)
  Sonja (Lair:5)
  A sun demon (Depths:1)
  Amaemon (Lair:1)
  12 deep elf knights
  4 pharaoh ants
  3 skysharks
  14 sea snakes
  4 skeletal warriors (D:15)
  11 orb spiders
  A swamp dragon (Lair:5)
  9 deep elf archers
  A steelbarb worm (shapeshifter) (Elf:3)
  15 deep elf pyromancers
  3 orc knights (Orc:2)
  6 steelbarb worms
  11 harpies
  A wizard (Elf:1)
  A mana viper (shapeshifter) (Elf:2)
  A necromancer (D:15)
  16 deep elf zephyrmancers
  10 cyclopes
  8 fauns
  A salamander (shapeshifter) (D:13)
  17 wolf spiders
  2 shining eyes
  11 manticores
  An oklob plant (Lair:3)
  12 ugly things
  Maurice (Orc:1)
  3 moths of wrath
  A water nymph (Shoals:4)
  3 merfolk sirens
  27 slime creatures
  2 gargoyles
  6 torpor snails
  4 black mambas
  A frost giant skeleton (D:15)
  An eye of devastation (Slime:3)
  8 cane toads
  A molten gargoyle (Lair:4)
  4 kobold demonologists
  A rime drake (Lair:4)
  2 efreet
  10 komodo dragons
  A guardian mummy (D:15)
  16 merfolk
  A tengu conjurer (Elf:1)
  3 meliai
  9 hornets
  6 trolls
  7 wind drakes
  8 polar bears
  33 tarantellas
  5 snapping turtles
  16 dream sheep
  A raiju (Lair:5)
  11 blink frogs
  The ghost of Iniera the Ducker, an amateur KoMo of Qazlal (D:4)
  13 jumping spiders
  2 air elementals
  14 water elementals
  21 culicivoras
  3 shadows
  A spriggan skeleton (D:15)
  9 wyverns
  16 yaks
  4 wraiths
  3 fire elementals
  5 basilisks
  2 steam dragons (Lair:5)
  60 redbacks
  4 vampire mosquitoes
  3 wargs (Lair:5)
  5 acid dragons
  A warg (shapeshifter) (Elf:3)
  A water moccasin (shapeshifter) (Elf:1)
  7 water moccasins
  13 hell hounds (Lair:5)
  26 orc warriors
  11 black bears
  5 ice beasts
  A sky beast (D:8)
  6 ogres
  24 centaurs
  8 wolves (Lair:5)
  A boggart (Elf:1)
  5 kobold brigands
  2 gnoll sergeants
  12 scorpions
  9 bullfrogs
  2 earth elementals
  6 wights (D:8)
  6 killer bees (D:9)
  4 nameless horrors
  2 howler monkeys (D:12)
  5 electric eels
  A centaur zombie (Ossuary)
  A human zombie (Ossuary)
  3 lava snakes (Lair:4)
  A quasit (D:4)
  6 orc priests
  Crazy Yiuf (D:5)
  3 sleepcaps
  A gnoll bouda (Orc:1)
  5 iguanas
  2 scorpion zombies (Ossuary)
  16 orc wizards
  3 mummies (Ossuary)
  12 gnolls
  A river rat (D:8)
  7 adders
  A shadow imp (D:5)
  A white imp (D:5)
  An ufetubus (D:4)
  4 worms
  60 orcs
  7 ball pythons
  2 bats (D:1)
  4 endoplasms
  4 giant cockroaches
  7 goblins
  2 hobgoblins
  2 quokkas (D:8)
  A frilled lizard (D:3)
  2 gnoll zombies (Ossuary)
  A goblin zombie (Ossuary)
  5 hobgoblin zombies (Ossuary)
  11 kobolds
  2 kobold zombies (Ossuary)
  An orc zombie (Ossuary)
  3 rats
1032 creatures vanquished.

Vanquished Creatures (others)
  A spark wasp (Depths:1)
  2 merfolk javelineers
  2 ice dragons (Shoals:2)
  An ogre mage (D:11)
  An alligator snapping turtle (Shoals:2)
  A centaur warrior (D:13)
  2 death yaks (D:8)
  A skeletal warrior (D:8)
  An orb spider (Spider:3)
  A deep elf zephyrmancer (Elf:3)
  A cyclops (D:8)
  A manticore (Shoals:1)
  An orange demon (Lair:1)
  A cane toad (Lair:2)
  A rime drake (Lair:5)
  A komodo dragon (Lair:1)
  4 merfolk
  3 blink frogs (Lair:3)
  A snapping turtle (Shoals:1)
  A centaur simulacrum (D:11)
  2 water elementals
  2 dancing weapons
  2 ice beasts (D:6)
  3 wolves (Lair:5)
  A centaur (D:8)
  2 kobold brigands (D:12)
  2 scorpions (Ossuary)
  A wight (D:8)
  A jelly (D:5)
  2 orc priests (D:7)
  A scorpion zombie (Ossuary)
  4 orcs
  An orc zombie (Ossuary)
  10 snaplasher vines
62 creatures vanquished.

Grand Total: 1265 creatures vanquished

Notes
Turn   | Place    | Note
-------+----------+-------------------------------------------
     0 | D:1      | Tyrius the Merfolk Summoner began the quest for the Orb.
     0 | D:1      | Reached XP level 1. HP: 13/13 MP: 3/3
    69 | D:1      | Found Ufirai's Jewellery Emporium.
   332 | D:1      | Reached XP level 2. HP: 17/19 MP: 1/5
   711 | D:1      | Reached XP level 3. HP: 24/24 MP: 4/6
   827 | D:1      | Learned a level 2 spell: Call Imp
  1593 | D:3      | Reached XP level 4. HP: 19/31 MP: 4/8
  1719 | D:3      | Reached skill level 5 in Summonings
  1887 | D:3      | Reached XP level 5. HP: 29/36 MP: 6/10
  1941 | D:3      | Learned a level 3 spell: Call Canine Familiar
  2963 | D:4      | Reached skill level 1 in Fighting
  3056 | D:4      | Found a transporter.
  3091 | D:4      | Reached skill level 1 in Polearms
  3091 | D:4      | Reached XP level 6. HP: 43/43 MP: 8/12
  3113 | D:4      | Noticed Iniera's ghost (amateur KoMo)
  3139 | D:4      | Found a transporter.
  3158 | D:4      | Learned a level 3 spell: Summon Guardian Golem
  3801 | D:5      | Entered Level 5 of the Dungeon
  3877 | D:5      | Noticed an ice beast
  4040 | D:5      | Reached XP level 7. HP: 48/48 MP: 4/14
  4134 | D:5      | Found Roachirgheur's Antique Armour Shop.
  4147 | D:5      | Upgraded the game from 0.31-a0-271-gb88eb75e06 to
                  | 0.31-a0-277-g31ea1f65cc
  4243 | D:5      | Reached skill level 5 in Spellcasting
  4453 | D:5      | Found a staircase to the Ecumenical Temple.
  4462 | Temple   | Entered the Ecumenical Temple
  4813 | Temple   | Became a worshipper of Sif Muna the Loreminder
  4834 | D:5      | Found Hix Qoubb's Assorted Antiques.
  4988 | D:5      | Reached XP level 8. HP: 56/56 MP: 5/16
  5383 | D:5      | Found a runed translucent door.
  5385 | D:5      | Noticed Crazy Yiuf
  5396 | D:5      | Killed Crazy Yiuf
  5514 | D:5      | Found a broken altar of Ashenzari.
  5868 | D:6      | Found a transporter.
  5995 | D:6      | Found a stormy altar of Qazlal.
  6154 | D:6      | Found a sand-covered staircase.
  6162 | Ossuary  | Entered an ossuary
  6392 | Ossuary  | Found the Hermit's Pendant {Faith Invo=14 Evo=0 MP+5}
  6407 | Ossuary  | Reached * piety under Sif Muna
  6424 | Ossuary  | Reached skill level 5 in Polearms
  6495 | Ossuary  | Reached XP level 9. HP: 63/63 MP: 16/19
  6595 | Ossuary  | Reached ** piety under Sif Muna
  6872 | D:6      | Found a transporter.
  7794 | D:6      | Learned a level 4 spell: Summon Lightning Spire
  7956 | D:5      | Bought a pair of embroidered boots for 210 gold pieces
  8349 | D:7      | Reached skill level 1 in Hexes
  8397 | D:7      | Identified the +6 mace "Tuwosuri" {elec, rPois rN++ Dex+5}
  8886 | D:8      | Noticed a death yak
  8896 | D:8      | Noticed a death yak
  8899 | D:8      | Noticed a death yak
  9213 | D:8      | Noticed a cyclops
  9255 | D:8      | Noticed a skeletal warrior
  9264 | D:8      | Reached skill level 5 in Fighting
  9264 | D:8      | Reached XP level 10. HP: 40/74 MP: 4/22
  9267 | D:8      | Killed a skeletal warrior
  9267 | D:8      | Killed a cyclops
  9275 | D:8      | Noticed a kobold demonologist
  9506 | D:8      | Learned a level 4 spell: Summon Ice Beast
  9727 | D:8      | Found a bloodstained altar of Trog.
  9852 | D:8      | Found a staircase to the Lair.
  9854 | D:8      | Killed a death yak
  9862 | D:8      | Killed a death yak
  9863 | D:8      | Reached skill level 1 in Ice Magic
  9867 | D:8      | Killed a death yak
  9868 | D:8      | Reached skill level 10 in Summonings
 10156 | D:8      | Killed a kobold demonologist
 10157 | D:8      | Reached XP level 11. HP: 82/82 MP: 23/24
 10188 | D:8      | Noticed a white ugly thing
 10191 | D:8      | Noticed a cyan ugly thing
 10197 | D:8      | Killed a cyan ugly thing
 10203 | D:8      | Killed a cyan ugly thing
 10267 | D:8      | Got the Opusculum on Peregrination
 10626 | Lair:1   | Entered Level 1 of the Lair of Beasts
 10759 | Lair:1   | Noticed Amaemon
 10769 | Lair:1   | Killed Amaemon
 10769 | Lair:1   | Reached *** piety under Sif Muna
 10782 | Lair:1   | Reached skill level 10 in Spellcasting
 11102 | Lair:2   | Learned a level 5 spell: Summon Mana Viper
 11114 | Lair:2   | Noticed a six-headed hydra
 11123 | Lair:2   | Killed a six-headed hydra
 11155 | Lair:2   | Noticed a skyshark
 11162 | Lair:2   | Killed a skyshark
 11172 | Lair:2   | Found a hole to the Spider Nest.
 11385 | Lair:1   | Noticed a catoblepas
 11396 | Lair:1   | Killed a catoblepas
 11573 | Lair:2   | Noticed a death yak
 11588 | Lair:1   | Upgraded the game from 0.31-a0-277-g31ea1f65cc to
                  | 0.31-a0-303-gdc8c9485ea
 11843 | Lair:1   | Reached XP level 12. HP: 91/91 MP: 19/26
 12404 | Lair:1   | Killed a death yak
 12528 | Lair:2   | Found a staircase to the Shoals.
 12659 | Lair:2   | Noticed a death yak
 12672 | Lair:2   | Killed a death yak
 12949 | Lair:3   | Reached **** piety under Sif Muna
 13509 | Shoals:1 | Entered Level 1 of the Shoals
 13684 | Shoals:1 | Found Jegu Noe's One-of-a-Kind Rings.
 14445 | D:10     | Entered Level 10 of the Dungeon
 14574 | D:10     | Noticed a two-headed ogre
 14580 | D:10     | Killed a two-headed ogre
 14581 | D:10     | Reached skill level 5 in Ice Magic
 14624 | D:10     | Found a hazy altar of Hepliaklqana.
 14722 | D:10     | Noticed Snorg
 14731 | D:10     | Killed Snorg
 14732 | D:10     | Reached skill level 10 in Polearms
 14732 | D:10     | Reached XP level 13. HP: 98/98 MP: 17/29
 14877 | D:9      | Noticed Erolcha
 14891 | D:9      | Killed Erolcha
 15135 | D:9      | Found a glowing silver altar of Zin.
 15142 | D:9      | Found a basalt altar of Yredelemnul.
 15147 | D:9      | Found a hide-covered altar of Uskayaw.
 15152 | D:9      | Found a blossoming altar of Fedhas.
 15157 | D:9      | Found a shadowy altar of Dithmenos.
 15162 | D:9      | Found a sacrificial altar of Ru.
 15167 | D:9      | Found an iron altar of Okawaru.
 15242 | D:9      | Found a snail-covered altar of Cheibriados.
 15991 | D:10     | Found a portal to a secret trove of treasure.
 16033 | D:10     | Reached ***** piety under Sif Muna
 16815 | D:11     | Upgraded the game from 0.31-a0-303-gdc8c9485ea to
                  | 0.31-a0-319-g4fced400ed
 16848 | D:11     | Noticed Harold
 16854 | D:11     | Reached skill level 5 in Dodging
 16868 | D:11     | Killed Harold
 17057 | D:11     | Received a gift from Sif Muna
 17065 | D:11     | Got Sif Muna's Omnibus of the Allied Icicle {god gift}
 17073 | D:11     | Learned a level 6 spell: Summon Cactus Giant
 17258 | D:11     | Learned a level 3 spell: Tukima's Dance
 18194 | D:12     | Found a staircase to the Orcish Mines.
 18587 | Orc:1    | Entered Level 1 of the Orcish Mines
 18743 | D:12     | Learned a level 5 spell: Summon Forest
 18744 | Orc:1    | Noticed Maurice
 19235 | Orc:1    | Killed Maurice
 19480 | Orc:2    | Entered Level 2 of the Orcish Mines
 20195 | Orc:2    | Found a staircase to the Elven Halls.
 20406 | Orc:2    | Reached XP level 14. HP: 105/105 MP: 10/31
 20413 | Orc:2    | Received a gift from Sif Muna
 20421 | Orc:2    | Got Sif Muna's Omnibus of Hoarfrost and Bruises {god gift}
 20835 | Orc:2    | Found Wessazau's Armour Emporium.
 20835 | Orc:2    | Found Keneblo's Distillery.
 20837 | Orc:2    | Found Engaczi's Assorted Antiques.
 20839 | Orc:2    | Found Duhy's General Store.
 21474 | D:12     | Upgraded the game from 0.31-a0-319-g4fced400ed to
                  | 0.31-a0-321-g19405a7a6a
 22761 | D:13     | Identified the +1 robe "Athrox" {rF+ Int+2}
 23255 | D:14     | Found a shadowy altar of Dithmenos.
 23545 | D:14     | Found a gate to the Vaults.
 23923 | D:15     | Entered Level 15 of the Dungeon
 24259 | D:1      | Bought the ring of Moodiness {Drain EV+5 Str+3 Int+2 SInv}
                  | for 729 gold pieces
 24495 | Shoals:1 | Bought the ring of Inolixt {rF++ Will++ MP+9 Stlth+} for
                  | 1042 gold pieces
 25565 | D:15     | Found a broken altar of Ashenzari.
 26029 | Spider:1 | Entered Level 1 of the Spider Nest
 26170 | Spider:1 | Received a gift from Sif Muna
 26175 | Spider:1 | Got Sif Muna's Cyclopedia of Flinty Nonlocality {god gift}
 26511 | D:5      | Bought a pair of embroidered gloves for 210 gold pieces
 27788 | Lair:3   | Reached XP level 15. HP: 109/110 MP: 20/33
 28120 | Lair:4   | Learned a level 7 spell: Monstrous Menagerie
 28136 | Lair:4   | Found a hazy altar of Hepliaklqana.
 28138 | Lair:4   | Noticed Rupert
 28149 | Lair:4   | Killed Rupert
 28605 | Lair:4   | Reached skill level 15 in Spellcasting
 29126 | Lair:5   | Entered Level 5 of the Lair of Beasts
 29135 | Lair:5   | Found a runed translucent gate.
 29135 | Lair:5   | Found a runed translucent gate.
 29135 | Lair:5   | Found a runed translucent gate.
 29136 | Lair:5   | Noticed howech's ghost (journeyman MiBe)
 29138 | Lair:5   | Noticed benadryl's ghost (journeyman TrSh)
 29151 | Lair:5   | Killed howech's ghost
 29152 | Lair:5   | Reached skill level 15 in Summonings
 29155 | Lair:5   | Killed benadryl's ghost
 29317 | Lair:5   | Received a gift from Sif Muna
 29318 | Lair:5   | Got Sif Muna's Textbook on Flashy Resurrection {god gift}
 29500 | Lair:5   | Noticed Sonja
 29506 | Lair:5   | Killed Sonja
 29615 | Lair:5   | Reached skill level 1 in Translocations
 29626 | Lair:5   | Found a staircase to the Slime Pits.
 29627 | Lair:5   | Found a viscous altar of Jiyva.
 29793 | Lair:5   | Noticed Urug
 29800 | Lair:5   | Killed Urug
 29969 | Lair:4   | Upgraded the game from 0.31-a0-321-g19405a7a6a to
                  | 0.31-a0-325-g067879e3d3
 30163 | Lair:5   | Received a gift from Sif Muna
 30206 | Lair:5   | Got Sif Muna's Meditations on the Retinue and Interference
                  | {god gift}
 30358 | Lair:5   | Learned a level 7 spell: Summon Hydra
 32131 | Spider:1 | Noticed Frances
 32305 | Spider:1 | Killed Frances
 32608 | Spider:1 | Reached XP level 16. HP: 101/118 MP: 26/36
 33218 | Spider:1 | Received a gift from Sif Muna
 33223 | Spider:1 | Got Sif Muna's Vellum of the Crevasse and Anemomancy {god
                  | gift}
 34529 | Spider:2 | Identified the ring "Vypeuwui" {rF+ Will+ Int+4}
 34661 | Spider:2 | Received a gift from Sif Muna
 34669 | Spider:2 | Reached skill level 10 in Dodging
 37174 | Orc:2    | Bought a potion of invisibility for 120 gold pieces
 37176 | Orc:2    | Bought a +2 cloak of willpower for 322 gold pieces
 37238 | Elf:1    | Entered Level 1 of the Elven Halls
 37242 | Elf:1    | Received a gift from Sif Muna
 37243 | Elf:1    | Got Sif Muna's Spellbook of Destruction {god gift}
 38089 | Elf:1    | Reached XP level 17. HP: 110/111 MP: 36/38
 38332 | Elf:1    | Paralysed by an air elemental for 1 turns
 38337 | Elf:1    | Paralysed by an air elemental for 1 turns
 38404 | Elf:1    | Identified the +8 spear of Distant Shores {elec, *Slow
                  | +Blink rElec Str+4}
 39015 | Elf:1    | Found a runed translucent gate.
 39015 | Elf:1    | Found a runed translucent gate.
 39015 | Elf:1    | Found a runed translucent gate.
 39015 | Elf:1    | Noticed HallandMoats's ghost (adept DsFi)
 39019 | Elf:1    | Identified the amulet "Goleonga" {Faith rPois rC- Will+
                  | Dex+3}
 39285 | Elf:1    | Identified the -1 pair of boots "Tezoykat" {Stlth+}
 39365 | Elf:1    | Killed HallandMoats's ghost
 40250 | Elf:2    | Paralysed by an air elemental for 1 turns
 40895 | Elf:2    | Found Kihiur Gola's Book Shop.
 41050 | Elf:2    | Found a runed translucent gate.
 41050 | Elf:2    | Found a runed translucent gate.
 41050 | Elf:2    | Found a runed translucent gate.
 41556 | Elf:2    | Noticed a deep elf blademaster
 41564 | Elf:2    | Killed a deep elf blademaster
 41634 | Elf:2    | Received a gift from Sif Muna
 41635 | Elf:2    | Got Sif Muna's Spellbook of Productive Exhalation {god
                  | gift}
 42644 | Elf:3    | Entered Level 3 of the Elven Halls
 43107 | Elf:3    | Found Gydiumin's Antique Armour Shop.
 43444 | Elf:3    | Noticed Donald
 43476 | Elf:3    | Killed Donald
 43634 | Elf:3    | Gained mutation: You have hidden genetic defects. [potion
                  | of mutation]
 43634 | Elf:3    | Gained mutation: You passively map a small area around you.
                  | [potion of mutation]
 43635 | Elf:3    | Lost mutation: You have hidden genetic defects. [potion of
                  | mutation]
 43635 | Elf:3    | Lost mutation: You passively map a small area around you.
                  | [potion of mutation]
 43635 | Elf:3    | Gained mutation: You have hidden genetic potential. [potion
                  | of mutation]
 43635 | Elf:3    | Gained mutation: Your mind is acute. (Int +4, Str/Dex -1)
                  | [potion of mutation]
 43804 | Elf:3    | Noticed a deep elf blademaster
 44052 | Elf:3    | Reached XP level 18. HP: 109/130 MP: 33/40
 44056 | Elf:3    | Noticed a deep elf master archer
 44319 | Elf:2    | Upgraded the game from 0.31-a0-325-g067879e3d3 to
                  | 0.31-a0-331-geda263fcf1
 44730 | D:4      | Killed Iniera's ghost
 46065 | Spider:3 | Received a gift from Sif Muna
 46067 | Spider:3 | Got Sif Muna's Tome of Translocated Hypothermia {god gift}
 46072 | Spider:3 | Learned a level 3 spell: Frozen Ramparts
 47044 | Spider:4 | Entered Level 4 of the Spider Nest
 47048 | Spider:4 | Found a large runed translucent door.
 47049 | Spider:4 | Found a large runed translucent door.
 47607 | Spider:3 | Learned a level 8 spell: Summon Horrible Things
 47670 | Spider:4 | Noticed Midn8's ghost (adept SpFE)
 47689 | Spider:4 | Killed Midn8's ghost
 47694 | Spider:4 | Identified the +0 orcbow of Ashenzari {heavy, *Corrode
                  | rElec rF+ Int+4}
 48310 | Spider:4 | Received a gift from Sif Muna
 49593 | Spider:4 | Got a gossamer rune of Zot
 49692 | Spider:4 | Received a gift from Sif Muna
 49693 | Spider:4 | Got Sif Muna's Octavo of Elliptic Therianthropy {god gift}
 50758 | Slime:1  | Entered Level 1 of the Pits of Slime
 50776 | Slime:1  | Gained mutation: You passively map a small area around you.
                  | [hidden potential]
 50942 | Slime:2  | Reached skill level 5 in Stealth
 51151 | Slime:2  | Gained mutation: You are covered in fur. (AC +1) [a shining
                  | eye]
 51580 | Orc:2    | Bought a potion of heal wounds for 75 gold pieces
 51758 | D:15     | Reached XP level 19. HP: 136/136 MP: 20/42
 51875 | D:15     | Found a staircase to the Depths.
 52033 | D:15     | Found a radiant altar of Vehumet.
 52130 | D:15     | Found Zacsefock's Armour Emporium.
 52998 | Depths:1 | Entered Level 1 of the Depths
 53003 | Depths:1 | Found a one-way gateway to a ziggurat.
 53004 | Depths:1 | Noticed Mara
 53405 | Depths:1 | Found a sparkling altar of Nemelex Xobeh.
 53620 | Depths:1 | Found a gateway to Hell.
 54439 | Depths:1 | Noticed Tyrius's illusion
 54455 | Depths:1 | Killed Mara
 54455 | Depths:1 | Received a gift from Sif Muna
 54461 | Depths:1 | Got Sif Muna's Compendium of Moving Curses {god gift}
 55005 | Depths:1 | Identified the +1 quarterstaff of Solemn Action {freeze,
                  | Fragile Int+6}
 55874 | D:11     | Identified the staff "Widowmaker" {+Blink rPois rF+ MP+9
                  | Poison}
 55917 | D:11     | Learned a level 4 spell: Anguish
 56392 | Shoals:1 | Reached skill level 5 in Hexes
 56398 | Shoals:1 | Reached skill level 1 in Necromancy
 57042 | Shoals:1 | Upgraded the game from 0.31-a0-331-geda263fcf1 to
                  | 0.31-a0-339-gda1cbd555d
 57332 | Shoals:2 | Found Otekefoe's Assorted Antiques.
 57510 | Shoals:2 | Gained mutation: Your flesh is cold resistant. (rC+)
                  | [hidden potential]
 57510 | Shoals:2 | Lost mutation: You have hidden genetic potential. [hidden
                  | potential expressed]
 58256 | Shoals:2 | Identified the +1 animal skin "Idig" {rF++ Str+5 Dex-2}
 58358 | Shoals:3 | Learned a level 1 spell: Slow
 58700 | Shoals:3 | Received a gift from Sif Muna
 58865 | Shoals:3 | Noticed Mlioglotl
 58910 | Shoals:3 | Killed Mlioglotl
 59209 | Shoals:3 | Reached XP level 20. HP: 143/143 MP: 20/44
 59801 | Shoals:4 | Entered Level 4 of the Shoals
 60486 | Shoals:4 | Received a gift from Sif Muna
 61051 | Shoals:3 | Upgraded the game from 0.31-a0-339-gda1cbd555d to
                  | 0.31-a0-344-gd109795599
 61305 | Shoals:4 | Identified the +4 sling of Pestilence {drain, *Slow rElec
                  | Dex+4 SInv}
 61501 | Shoals:4 | Got a barnacled rune of Zot
 61560 | Shoals:4 | Identified the ring "Guquiv" {Fire Dex+2}
 63810 | D:15     | Bought the +2 hood of the Assassin {Detect Stab+ Stlth++}
                  | for 900 gold pieces
 63810 | D:15     | Found the +2 hood of the Assassin {Detect Stab+ Stlth++}
 63966 | Orc:2    | Bought a scroll of blinking for 180 gold pieces
 64583 | Slime:2  | Killed from afar by an acid blob

Illustrated notes

Levels and vault maps discovered:
D:1:      dpeg_arrival_shrine, layout_basic, serial_shops, shop
D:2:      minmay_inner_zag, layout_loops_cross
D:3:      layout_basic, serial_forest, infiniplex_forest_lined_2,
          infiniplex_forest_clump_double, infiniplex_forest_end_2,
          infiniplex_forest_corner_1, infiniplex_forest_join,
          infiniplex_forest_corner_2
D:4:      layout_basic, gammafunk_ghost_stat_death
D:5:      layout_cave_pods, mainiacjoe_overflow_alcove_1,
          minmay_temple_entry_trees, serial_shops, nicolae_take_the_stairs,
          nicolae_diamond_shop, uniq_crazy_yiuf_cottage
D:6:      gammafunk_cloud_chamber, layout_gridville, lemuel_round_altar,
          chequers_ossuary_entry_cave
D:7:      layout_loops_ring
D:8:      minmay_cut_squares, layout_basic, old_standard_altar,
          dpeg_lair_monsters
D:9:      layout_small_grid, cheibrodos_worm_habitat,
          grunt_temple_overflow_octagram, uniq_erolcha
D:10:     layout_basic, mainiacjoe_overflow_cross_hatched,
          nicolae_trove_entry_path_of_doom, hangedman_abyss_or_decor_passed,
          uniq_snorg
D:11:     layout_roguey, minivault_12, uniq_harold
D:12:     layout_irregular_city, orc_0_dummy
D:13:     layout_big_octagon
D:14:     layout_roguey, erik_vaults_1, grunt_dithmenos_shadows
D:15:     gammafunk_depths_entry_grave, layout_stronghold,
          gauntlet_entry_generic, serial_shops, nicolae_shop_back_alley_shop,
          evilmike_ruin_ashenzari, vehumet_crystals
Temple:   dpeg_chambers_temple
Lair:1:   layout_cave_pods, uniq_amaemon
Lair:2:   layout_gridlike, nicolae_shoals_entry_roost,
          nicolae_spider_entry_non_spiders, st_stairs_5,
          infiniplex_staircase_pool
Lair:3:   layout_gridlike, grunt_megastairs_1, serial_bayou_shore_a
Lair:4:   layout_misc_corridors, basic_altar, nicolae_lair_liquid_snakes,
          lemuel_fruit_tree, uniq_rupert
Lair:5:   hangedman_lair_caniforms_friends, layout_misc_corridors,
          guppyfry_lair_end_dragon, slime_entry_1, gammafunk_ghost_cemetery,
          nicolae_lair_run_with_the_wolves, uniq_sonja, uniq_urug
Shoals:1: layout_shoals, nicolae_shop_unique_rings
Shoals:2: argonaut_golden_fleece, layout_shoals, serial_shops, shop
Shoals:3: layout_shoals, uniq_mlioglotl
Shoals:4: shoals_end_simple, layout_shoals
Spider:1: layout_spider_delve, uniq_frances
Spider:2: nicolae_spider_corner
Spider:3: layout_spider_delve
Spider:4: spider_rune_water, ebering_ghost_disaster_area
Slime:1:  layout_caves
Slime:2:  layout_caves
Slime:3:  layout_caves, cheibrodos_slime_lost_civilization_7
Orc:1:    layout_caves, uniq_maurice
Orc:2:    st_orc_rangers, layout_diamond_mine
Elf:1:    layout_geoelf_octagon, gammafunk_ghost_tricky_traps,
          hangedman_elf_disciples, minivault_24,
          nicolae_concentric_dashed_squares_wild
Elf:2:    nicolae_elf_blades_splatter_lattice [mumra_blade_entry_dagger],
          layout_geoelf_octagon, serial_shops, shop, grunt_ministairs_7
Elf:3:    minmay_elf_hall_circle, layout_geoelf_octagon, serial_shops,
          nicolae_shop_window_shopping, grunt_ministairs_13, st_stairs_4,
          uniq_donald
Depths:1: layout_roguey, enter_ziggurat_c, hangedman_geh_valley,
          lemuel_tele_altar, chequers_serial_rivers_marsh,
          kennysheep_minor_cross, kennysheep_generic_room_10, uniq_mara
Depths:2: nicolae_legendary_halls, layout_gridlike, hell_entry,
          gammafunk_ghost_wrathful_warriors, rand_demon_pan_entry_4,
          abyss_entry_flame_altar, tgw_lugonu_bribe

Skill      XL: |  1  2  3  4  5  6  7  8  9 10 11 12 13 14 15 16 17 18 19 20 |
---------------+-------------------------------------------------------------+-----
Spellcasting   | 3 4 5 7 8 9 10 12 13 14 16 17 18 19 20 21 | 21.2
Summonings     | 5 6 7 8 10 11 12 13 14 15 17 18 19 20 21 | 21.3
Fighting       | 1 2 3 5 6 7 8 |  8.5
Polearms       | 1 2 4 5 6 7 8 10 12 | 12.3
Stealth        | 3 4 5 |  5.6
Hexes          | 1 2 3 4 5 6 |  6.2
Ice Magic      | 2 3 5 6 |  6.8
Dodging        | 4 6 7 9 10 11 12 13 | 13.9
Translocations | 1 |  1.5
Necromancy     | 2 3 |  3.1
Air Magic      | |  0.2
Invocations    | |  0.6
Evocations     | |  0.6

Action                     |  1- 3 |  4- 6 |  7- 9 | 10-12 | 13-15 | 16-18 | 19-21 || total
---------------------------+-------+-------+-------+-------+-------+-------+-------++-------
  Melee: Unarmed           |     6 |       |       |       |       |       |       ||     6
         Whip              |    22 |    12 |       |       |       |       |       ||    34
         Trident           |       |    26 |   120 |     5 |       |       |       ||   151
         Halberd           |       |       |       |    55 |   209 |   153 |     9 ||   426
         Tailslap          |       |       |       |       |     3 |     2 |    10 ||    15
         Spear             |       |       |       |       |       |    91 |   236 ||   327
         Punch             |       |       |       |       |       |       |     4 ||     4
  Throw: Javelin           |     3 |     1 |       |       |       |       |       ||     4
   Cast: Summon Small Mamm |    44 |    40 |    40 |    13 |     1 |       |       ||   138
         Call Imp          |     4 |    17 |    36 |    21 |    12 |       |       ||    90
         Call Canine Famil |       |    21 |    56 |    61 |   119 |    26 |    11 ||   294
         Summon Guardian G |       |     4 |    30 |    27 |    14 |       |       ||    75
         Summon Lightning  |       |       |     4 |    32 |    80 |    55 |    39 ||   210
         Summon Ice Beast  |       |       |       |    55 |   110 |    29 |    27 ||   221
         Summon Mana Viper |       |       |       |    36 |    73 |    47 |    15 ||   171
         Summon Cactus Gia |       |       |       |       |   103 |   115 |    41 ||   259
         Tukima's Dance    |       |       |       |       |     5 |     1 |       ||     6
         Summon Forest     |       |       |       |       |    16 |     9 |     7 ||    32
         Monstrous Menager |       |       |       |       |    71 |   313 |   195 ||   579
         Summon Hydra      |       |       |       |       |     7 |    29 |    59 ||    95
         Ignition          |       |       |       |       |     1 |       |       ||     1
         Summon Horrible T |       |       |       |       |       |    10 |    10 ||    20
         Frozen Ramparts   |       |       |       |       |       |     5 |       ||     5
         Anguish           |       |       |       |       |       |       |    29 ||    29
         Dragon's Call     |       |       |       |       |       |       |     1 ||     1
         Slow              |       |       |       |       |       |       |     3 ||     3
 Invoke: Divine Exegesis   |       |       |       |       |     1 |       |     1 ||     2
Ability: Evoke Invisibilit |       |       |       |       |     1 |       |       ||     1
         Evoke Blink       |       |       |       |       |       |     1 |     1 ||     2
  Evoke: Wand              |       |       |     1 |     8 |     6 |     4 |     3 ||    22
    Use: Scroll            |       |     2 |     9 |     8 |    24 |     5 |     7 ||    55
         Potion            |       |       |       |     3 |     4 |    13 |    10 ||    30
   Stab: Distracted        |       |     3 |     5 |     2 |    12 |    14 |    14 ||    50
         Sleeping          |       |     1 |       |     1 |       |       |       ||     2
         Invisible         |       |       |       |       |     3 |     1 |       ||     4
         Paralysed         |       |       |       |       |     1 |     1 |     5 ||     7
         Confused          |       |       |       |       |       |     1 |     2 ||     3
 Armour: Robe              |     8 |     5 |     5 |    16 |    44 |       |       ||    78
         Steam dragon scal |       |       |       |       |       |    52 |    36 ||    88
  Dodge: Dodged            |    22 |    10 |    26 |    35 |   366 |   223 |   187 ||   869
  Block: Other             |       |       |     7 |       |       |       |       ||     7
         Reflection        |       |       |     1 |       |       |       |       ||     1
         Form:             |       |       |     1 |       |       |       |       ||     1
         Dragon            |       |       |     1 |       |       |       |       ||     1

Table legend: (Time is in decaauts)
 A = Elapsed time spent in this place.
 B = Non-inter-level travel time spent in this place.
 C = Inter-level travel time spent in this place.
 D = Time resting spent in this place.
 E = Time spent auto-exploring this place.
 F = Levels seen in this place.
 G = Mean time per level.
                   A        B        C        D        E       F      G
               +--------+--------+--------+--------+--------+-----+--------+
         Total |  63571 |  55154 |   8417 |  19850 |   8643 |  40 | 1589.3 |
       Dungeon |  24427 |  19489 |   4938 |   4976 |   3773 |  15 | 1628.5 |
        Temple |    359 |    219 |    140 |      0 |    183 |   1 |  359.0 |
          Lair |   9116 |   7663 |   1453 |   2718 |   1151 |   5 | 1823.2 |
        Shoals |   6048 |   5812 |    236 |   2605 |   1010 |   4 | 1512.0 |
   Spider Nest |   9751 |   9214 |    537 |   3959 |   1498 |   4 | 2437.8 |
    Slime Pits |    905 |    883 |     22 |    375 |      0 |   3 |  301.7 |
  Orcish Mines |   3132 |   2616 |    516 |   1293 |    287 |   2 | 1566.0 |
   Elven Halls |   6957 |   6543 |    414 |   2895 |    541 |   3 | 2319.0 |
        Depths |   2182 |   2025 |    157 |    732 |    199 |   2 | 1091.0 |
       Ossuary |    688 |    688 |      0 |    297 |      0 |   1 |  688.0 |
               +--------+--------+--------+--------+--------+-----+--------+

Top non-repeatable levels by time:
Spider:2: 3592 daAuts
   Elf:2: 2934 daAuts
   Elf:1: 2786 daAuts
    D:11: 2418 daAuts
  Lair:1: 2346 daAuts
    D:12: 2274 daAuts
Spider:4: 2217 daAuts
  Lair:2: 2208 daAuts
     D:5: 2165 daAuts
    D:15: 2150 daAuts
Depths:1: 2100 daAuts
Shoals:3: 2035 daAuts
Spider:3: 1978 daAuts
Spider:1: 1963 daAuts
     D:8: 1936 daAuts
